 Dungeon Sprint DCSS version 0.17-a0-1748-g222fba8 (webtiles) character file.

5468 KambridgeKobold the Black Belt (level 10, -3/108 HPs)
             Began as a Hill Orc Monk on Sept 1, 2015.
             Was the Champion of the Shining One.
             Slain by a 12-headed hydra (4 damage)
             ... while paralysed by a giant eyeball
             ... in the Dungeon (Sprint I: "Red Sonja").
             The game lasted 00:10:48 (1867 turns).

KambridgeKobold the Black Belt (Hill Orc Monk)      Turns: 1867, Time: 00:10:49

Health: -3/108     AC: 14    Str: 15    XL:     10   Next: 69%
Magic:  12/17      EV:  2    Int: 10    God:    the Shining One [******]
Gold:   231        SH:  0    Dex: 16    Spells: 0 memorised, 9 levels left

rFire  + . .     SeeInvis .       - Unarmed
rCold  . . .     Clarity  .     i - +4 scale mail {rF+}
rNeg   + + +     SustAt   .     (no shield)
rPois  .         Gourm    .     (no helmet)
rElec  .         Spirit   .     l - +0 cloak {MR+}
rCorr  .         Warding  .     (no gloves)
rMut   .         NoTele   +     (no boots)
MR     +....                    (no amulet)
Stlth  +.........               (no ring)
                                (no ring)

@: paralysed, glowing, somewhat resistant to hostile enchantments, very
unstealthy
A: no striking features
a: Divine Shield, Cleansing Flame, Summon Divine Warrior, Brand Weapon With Holy
Wrath, Renounce Religion


You were in the Dungeon.
You worshipped the Shining One.
The Shining One was exalted by your worship.
You were not hungry.

You visited 1 branch You collected 698 gold pieces.
You spent 467 gold pieces at shops.

Inventory:

Hand weapons
 j - a +1 scythe of slicing
Armour
 a - a +0 robe
 e - a +0 scale mail
 i - a +4 scale mail of fire resistance (worn)
 k - a +0 ring mail
 l - a +0 cloak of magic resistance (worn)
Scrolls
 h - a scroll of blinking
Potions
 c - a potion of curing
 d - a potion of heal wounds
 f - 2 potions of magic
 g - a potion of berserk rage
 m - a potion of degeneration {unknown}
Comestibles
 b - 9 chunks of flesh


   Skills:
 + Level 16.4 Fighting
 * Level 10.8 Armour
 - Level 2.4 Dodging
 - Level 1.5 Stealth
 + Level 17.0 Unarmed Combat
 - Level 10.5 Invocations


You had 9 spell levels left.
You didn't know any spells.

Dungeon Overview and Level Annotations

Branches:
Dungeon (1/1)

Altars:
Cheibriados
Dithmenos
Elyvilon
Fedhas
Gozag
Kikubaaqudgha
Makhleb
Nemelex Xobeh
Okawaru
Qazlal
Ru
Sif Muna
Trog
Vehumet
Xom
Yredelemnul
Zin
The Shining One
Jiyva

Shops:
D [


Message History

The 12-headed hydra bites you!
The 12-headed hydra bites you but does no damage.
The 12-headed hydra bites you.
The 12-headed hydra bites you but does no damage.
The 12-headed hydra bites you.
The 12-headed hydra bites you but does no damage.
The 12-headed hydra barely misses you. The 12-headed hydra bites you!
The 12-headed hydra bites you but does no damage.
The 12-headed hydra bites you!
* * * LOW HITPOINT WARNING * * *
The 12-headed hydra bites you but does no damage.
The 12-headed hydra bites you.
* * * LOW HITPOINT WARNING * * *
The 12-headed hydra bites you!
* * * LOW HITPOINT WARNING * * *
The 12-headed hydra bites you but does no damage. x3
The 12-headed hydra bites you!
* * * LOW HITPOINT WARNING * * *
The 12-headed hydra bites you.
You die...

#####################
..#.§#§§..§§§§§§@DG$#
..##§#§####÷..§§##$.+
..'..#§# ##§§§## ##
###..§.# ###+#
.##+#### .# .# +#


You could see a 12-headed hydra and a giant eyeball.

Vanquished Creatures
  2 centaur warriors (D)
  A lindwurm (D)
  2 kobold demonologists (D)
  A demonic crawler (D)
  A slime creature (D)
  Sigmund (D)
  A yak (D)
  13 hogs (D)
  A wasp (D)
  An ogre (D)
  A jelly (D)
  Ijyb (D)
  A giant eyeball (D)
27 creatures vanquished.

Vanquished Creatures (collateral kills)
  3 demonic crawlers (D)
3 creatures vanquished.

Vanquished Creatures (others)
  A gargoyle (D)
  2 wasps (D)
3 creatures vanquished.

Grand Total: 33 creatures vanquished

Notes
Turn   | Place    | Note
--------------------------------------------------------------
     0 | D        | KambridgeKobold the Hill Orc Monk began the quest for the Orb.
     0 | D        | Reached XP level 1. HP: 19/19 MP: 1/1
     1 | D        | Noticed Ijyb
    21 | D        | Killed Ijyb
    21 | D        | Reached skill level 5 in Fighting
    21 | D        | Reached skill level 6 in Unarmed Combat
    21 | D        | Reached XP level 2. HP: 17/29 MP: 2/2
    21 | D        | Reached XP level 3. HP: 21/36 MP: 3/3
    26 | D        | Noticed an ogre
    81 | D        | Killed an ogre
    81 | D        | Reached skill level 7 in Fighting
    81 | D        | Reached skill level 9 in Unarmed Combat
    81 | D        | Reached XP level 4. HP: 20/47 MP: 4/4
    81 | D        | Reached XP level 5. HP: 22/52 MP: 5/5
   254 | D        | Noticed Sigmund
   262 | D        | Killed Sigmund
   262 | D        | Reached skill level 11 in Unarmed Combat
   262 | D        | Reached XP level 6. HP: 51/64 MP: 6/6
   291 | D        | Found a deep blue altar of Sif Muna.
   325 | D        | Noticed a jelly
   326 | D        | Found a radiant altar of Vehumet.
   331 | D        | Killed a jelly
   331 | D        | Reached skill level 12 in Unarmed Combat
   428 | D        | Found Kaales's Armour Emporium.
   428 | D        | Found a white marble altar of Elyvilon.
   428 | D        | Found a stormy altar of Qazlal.
   428 | D        | Found a burning altar of Makhleb.
   428 | D        | Found a sacrificial altar of Ru.
   428 | D        | Found a basalt altar of Yredelemnul.
   428 | D        | Found a glowing golden altar of the Shining One.
   428 | D        | Found a sparkling altar of Nemelex Xobeh.
   428 | D        | Found a shimmering altar of Xom.
   428 | D        | Found an opulent altar of Gozag.
   428 | D        | Found an ancient bone altar of Kikubaaqudgha.
   428 | D        | Found a glowing silver altar of Zin.
   428 | D        | Noticed a yak
   429 | D        | Found an iron altar of Okawaru.
   435 | D        | Killed a yak
   435 | D        | Reached skill level 10 in Fighting
   435 | D        | Reached skill level 13 in Unarmed Combat
   435 | D        | Reached XP level 7. HP: 58/73 MP: 7/7
   436 | D        | Found a bloodstained altar of Trog.
   507 | D        | Bought a +0 cloak of magic resistance for 126 gold pieces
   517 | D        | Became a worshipper of the Shining One
   517 | D        | Acquired the Shining One's first power
   517 | D        | Acquired the Shining One's second power
   534 | D        | Noticed a centaur warrior
   537 | D        | Noticed a centaur warrior
   547 | D        | Found a snail-covered altar of Cheibriados.
   547 | D        | Found a viscous altar of Jiyva.
   547 | D        | Found a shadowy altar of Dithmenos.
   547 | D        | Found a blossoming altar of Fedhas.
   547 | D        | Noticed a slime creature
   555 | D        | Killed a slime creature
   692 | D        | HP: 3/74 [centaur warrior (9)]
   693 | D        | Killed a centaur warrior
   693 | D        | Reached skill level 14 in Unarmed Combat
   693 | D        | Reached XP level 8. HP: 3/85 MP: 8/14
   703 | D        | HP: 2/85 [centaur warrior (6)]
   704 | D        | Killed a centaur warrior
   704 | D        | Reached skill level 15 in Unarmed Combat
   704 | D        | Reached skill level 10 in Invocations
   704 | D        | Reached XP level 9. HP: 2/94 MP: 9/16
  1100 | D        | Killed a wasp
  1110 | D        | Noticed a wasp
  1114 | D        | Killed a wasp
  1114 | D        | Reached skill level 1 in Armour
  1130 | D        | Killed a wasp
  1212 | D        | Bought a +4 scale mail of fire resistance for 341 gold pieces
  1344 | D        | Killed a gargoyle
  1371 | D        | Noticed a kobold demonologist
  1372 | D        | Noticed a kobold demonologist
  1379 | D        | Killed a kobold demonologist
  1385 | D        | Killed a kobold demonologist
  1385 | D        | Acquired the Shining One's third power
  1385 | D        | Reached skill level 15 in Fighting
  1391 | D        | Noticed a demonic crawler
  1391 | D        | Noticed a demonic crawler
  1391 | D        | Noticed a demonic crawler
  1391 | D        | Acquired the Shining One's fourth power
  1391 | D        | Noticed a demonic crawler
  1399 | D        | Killed a demonic crawler
  1401 | D        | Killed a demonic crawler
  1401 | D        | Reached skill level 5 in Armour
  1401 | D        | Reached skill level 16 in Unarmed Combat
  1405 | D        | Killed a demonic crawler
  1408 | D        | Killed a demonic crawler
  1576 | D        | Noticed a lindwurm
  1584 | D        | Killed a lindwurm
  1584 | D        | Reached XP level 10. HP: 97/106 MP: 17/17
  1615 | D        | Noticed a hog
  1615 | D        | Noticed a hog
  1615 | D        | Noticed a hog
  1615 | D        | Noticed a hog
  1615 | D        | Noticed a hog
  1620 | D        | Killed a hog
  1622 | D        | Killed a hog
  1627 | D        | Noticed a hog
  1627 | D        | Noticed a hog
  1627 | D        | Noticed a hog
  1627 | D        | Noticed a hog
  1646 | D        | Noticed a hog
  1652 | D        | Killed a hog
  1657 | D        | Killed a hog
  1660 | D        | Killed a hog
  1665 | D        | Killed a hog
  1667 | D        | Noticed a hog
  1667 | D        | Noticed a hog
  1667 | D        | Noticed a hog
  1670 | D        | Killed a hog
  1682 | D        | Killed a hog
  1685 | D        | Killed a hog
  1685 | D        | Reached skill level 10 in Armour
  1687 | D        | Killed a hog
  1690 | D        | Killed a hog
  1693 | D        | Killed a hog
  1693 | D        | Reached skill level 17 in Unarmed Combat
  1697 | D        | Killed a hog
  1864 | D        | Noticed a 12-headed hydra
  1865 | D        | Paralysed by a giant eyeball for 3 turns
  1867 | D        | HP: 1/108 [12-headed hydra (13)]
  1867 | D        | Slain by a 12-headed hydra

Vault maps used:
D:        dungeon_sprint_1

Action                   |  1- 3 |  4- 6 |  7- 9 | 10-12 || total
-------------------------+-------+-------+-------+-------++-------
Melee: Unarmed           |    23 |    14 |    57 |    45 ||   139
Invok: Divine Shield     |       |       |     2 |       ||     2
       Summon Divine War |       |       |     1 |       ||     1
       Cleansing Flame   |       |       |       |     1 ||     1
  Use: Potion            |       |       |     2 |       ||     2
       Scroll            |       |       |     1 |       ||     1
 Stab: Sleeping          |       |     1 |       |       ||     1
  Eat: Bread ration      |       |       |     1 |       ||     1
